 Dungeon Crawl Stone Soup version 0.30-a0-627-gc11e7ae810 (webtiles) character file.

Game seed: 497275758809679304

4291 Citaku the Protected (level 10, -6/88 HPs)
             Began as a Minotaur Fighter on Jan 12, 2023.
             Was an Initiate of Gozag.
             Mangled by a yak (8 damage)
             ... on level 8 of the Dungeon.
             The game lasted 00:17:01 (7800 turns).

Citaku the Protected (Minotaur Fighter)             Turns: 7800, Time: 00:17:01

Health: -6/88      AC: 20    Str: 25    XL:     10   Next: 11%
Magic:  9/9        EV:  7    Int:  5    God:    Gozag
Gold:   631        SH:  5    Dex: 10    Spells: 9/9 levels left

rFire   . . .      SeeInvis .    a - +0 war axe (chaos)
rCold   . . .      Faith    .    c - +0 buckler
rNeg    . . .      Spirit   .    x - +0 plate armour
rPois   .          Reflect  .    (helmet restricted)
rElec   .          Harm     .    m - +0 cloak
rCorr   +          Rampage  ∞    (no gloves)
Will    .....                    b - +3 pair of seven-league boots {Rampage+∞} Stlth
                                 (no amulet)
HPRegen 0.34/turn                k - ring of resist corrosion
MPRegen 0.11/turn                (no ring)

@: lethally poisoned (-6 -> -8), about to teleport, gold aura, slowed, very slow
A: horns 2, retaliatory headbutt
a: Renounce Religion, Potion Petition, Call Merchant, Bribe Branch


You were on level 8 of the Dungeon.
You worshipped Gozag.
Gozag was pleased with you.
You visited 2 branches of the dungeon, and saw 10 of its levels.
You also visited: Sewer.

You collected 1008 gold pieces.
You spent 218 gold pieces at shops.
You paid 159 gold pieces to Gozag.

Inventory:

Hand Weapons
 a - a +0 war axe of chaos (weapon)
Armour
 b - the +3 pair of seven-league boots (worn) {Rampage+∞}
   (You acquired it on level 5 of the Dungeon)

   Its wearer moves as far as possible in that direction when moving towards
   enemies.
 c - a +0 buckler (worn)
 m - a +0 cloak (worn)
 x - a +0 plate armour (worn)
Jewellery
 k - a ring of resist corrosion (left hand)
Wands
 g - a wand of digging (6)
 o - a wand of light (5)
 v - a wand of charming (5)
 w - a wand of mindburst (17)
 B - a wand of roots (6)
Scrolls
 h - a scroll of identify
 j - 3 scrolls of poison
 q - a scroll of immolation
 r - 4 scrolls of teleportation
 u - 2 scrolls of enchant armour
 y - a scroll of fog
Potions
 e - 2 potions of might
 f - 5 potions of flight
 i - a potion of magic
 l - 6 potions of curing
 n - 4 potions of haste
 s - a potion of cancellation
 z - a potion of mutation


   Skills:
 + Level 8.0 Fighting
 * Level 10.5 Axes
 * Level 10.8 Armour
 + Level 8.0 Shields


You had 9 spell levels left.
You didn't know any spells.
Your spell library contained the following spells:

 Spells                   Type           Power      Damage    Failure   Level
 Beastly Appendage        Tmut           0%         N/A       100%        1
 Foxfire                  Conj/Fire      0%         2x1d4     100%        1
 Cigotuvi's Dreadful Rot  Necr/Pois/Air  0%         N/A       100%        2
 Wereblood                Tmut           0%         N/A       100%        2
 Gell's Gravitas          Tloc           0%         N/A       100%        3
 Spider Form              Tmut/Pois      0%         N/A       100%        3
 Teleport Other           Tloc           0%         N/A       100%        3
 Dispel Undead            Necr           0%         3d6       100%        4
 Summon Ice Beast         Ice/Summ       0%         N/A       100%        4
 Fireball                 Conj/Fire      0%         3d3       100%        5
 Summon Mana Viper        Hex/Summ       0%         N/A       100%        5
 Conjure Ball Lightning   Conj/Air       0%         3x3d6     100%        6
 Death Channel            Necr           0%         N/A       100%        6
 Dispersal                Tloc           0%         N/A       100%        6
 Starburst                Conj/Fire      0%         6d3       100%        6
 Monstrous Menagerie      Summ           0%         N/A       100%        7
 Discord                  Hex            0%         N/A       100%        8
 Disjunction              Tloc           0%         N/A       100%        8


Dungeon Overview and Level Annotations

Branches:
Dungeon (9/15)             Temple (1/1) D:5           Sewer (visited)
   Lair: D:8-11         Orc: D:9-12

Altars:
Ashenzari
Cheibriados
Dithmenos
Elyvilon
Fedhas
Gozag
Hepliaklqana
Kikubaaqudgha
Makhleb
Okawaru
Qazlal
Ru
Sif Muna
Trog
Uskayaw
Vehumet
Xom
Yredelemnul
Zin
The Shining One

Shops:
D:1 *[   D:5 [

Annotations:
D:8 3 runed translucent doors, voshxx's ghost, novice TrFi


Innate Abilities, Weirdness & Mutations

You have a pair of horns on your head.
You reflexively headbutt those who attack you in melee.


Message History

You feel yourself slow down. The yak gores you but does no damage.
The yak is distracted by your dazzling golden aura.
The hornet stings you.
You suddenly lose the ability to move!
The yak gores you.
The yak bellows!
You feel very sick. The hornet stings you.
You feel as though you will be slow longer.
The yak gores you but does no damage.
The hornet stings you but does no damage.
You can move again.
There is a stone staircase leading up, spattered with blood here.
You feel very sick. The hornet stings you!
You feel as though you will be slow longer.
The acid dragon bites you. The acid dragon barely misses you.
The yak gores you.
The hornet stings you but does no damage.
You climb upwards.
Level annotation: 3 runed translucent doors, voshxx's ghost, novice TrFi The sentinel's mark upon you fades away.
You feel very sick.
There is a stone staircase leading down, spattered with blood here.
Okay, then.
You don't currently have any unidentified items.
As you read the scroll of teleportation, it crumbles to dust.
You feel strangely unstable.
You feel sick.
The yak is no longer distracted by gold.
You block the hornet's attack. The acid dragon barely misses you.
The acid dragon claws you but does no damage.
The yak gores you.
* * * LOW HITPOINT WARNING * * *
The yak gores you!
* * * LOW HITPOINT WARNING * * *
The hornet stings you!
* * * LOW HITPOINT WARNING * * *
You feel as though you will be slow longer.
You block the yak's attack. The yak gores you!
You die...
Your body crumbles into a pile of gold.

.._....##.####.#........#####..#.
.....####......#.................
§...§# #...#####........######.##
##.### #...# #........# #... ##.#
#...# ##...#.#.# #### #..# #...#
#.....#.## ..##
#...######........########
#.######.......yY..#..#..##.....#
#..............D@........##.....#
...............Y................#
#...............)..#..#..##.....#
..######...........#..#..##.....#
### #...######........######## ##
#...###########.### .# #.......#
#.# ## #####...###.## #.#########
# #............# #.##......#


You could see 2 yaks, a hornet and an acid dragon.

Vanquished Creatures
  Maurice (D:8)
  2 yaks (D:8)
  A wyvern (D:6)
  Menkaure (D:7)
  3 water moccasins
  A black bear (D:5)
  A sky beast (D:7)
  4 ice beasts
  An ogre (D:4)
  2 centaurs (D:7)
  3 phantoms (D:6)
  A kobold brigand (D:7)
  7 bullfrogs
  A gnoll sergeant (D:8)
  A scorpion (D:5)
  3 wights (D:7)
  5 killer bees (D:8)
  3 howler monkeys (D:8)
  3 jellies
  3 hounds
  4 orc priests
  Crazy Yiuf (D:7)
  A gnoll bouda (D:4)
  3 iguanas
  6 orc wizards
  Ijyb (D:4)
  A mummy (D:4)
  7 adders
  11 gnolls
  3 worms
  A dart slug (D:4)
  26 orcs
  12 endoplasms
  14 giant cockroaches
  12 goblins
  16 hobgoblins
  17 jackals
  6 kobolds
  12 quokkas
  9 ball pythons
  3 bats
  10 frilled lizards
  5 rats
228 creatures vanquished.

Vanquished Creatures (others)
  A bullfrog (D:8)
1 creature vanquished.

Grand Total: 229 creatures vanquished

Notes
Turn   | Place    | Note
-------+----------+-------------------------------------------
     0 | D:1      | Citaku the Minotaur Fighter began the quest for the Orb.
     0 | D:1      | Reached XP level 1. HP: 19/19 MP: 0/0
   204 | D:1      | Reached XP level 2. HP: 27/27 MP: 1/1
   430 | D:1      | Found Ennun's Assorted Antiques.
   538 | D:1      | Reached XP level 3. HP: 29/33 MP: 2/2
   573 | D:1      | Found Gotusuc's Antique Armour Emporium.
   728 | D:2      | Found a blossoming altar of Fedhas.
   839 | D:2      | Found a faded altar of an unknown god.
  1772 | D:3      | Found a stormy altar of Qazlal.
  1844 | D:3      | Reached XP level 4. HP: 40/40 MP: 3/3
  1844 | D:3      | Found a glowing drain.
  1853 | Sewer    | Entered a sewer
  2122 | Sewer    | Noticed a bullfrog
  2128 | Sewer    | Killed a bullfrog
  2129 | Sewer    | Reached skill level 5 in Armour
  2129 | Sewer    | Reached XP level 5. HP: 38/47 MP: 4/4
  2414 | D:3      | Noticed a water moccasin
  2422 | D:3      | Killed a water moccasin
  2423 | D:3      | Reached skill level 5 in Axes
  2423 | D:3      | Reached XP level 6. HP: 35/55 MP: 5/5
  2877 | D:4      | Noticed Ijyb
  2884 | D:4      | Killed Ijyb
  2914 | D:4      | Reached skill level 5 in Fighting
  2914 | D:4      | Reached skill level 5 in Shields
  2914 | D:4      | Reached XP level 7. HP: 42/61 MP: 6/6
  3337 | D:4      | Found a snail-covered altar of Cheibriados.
  3839 | D:5      | Entered Level 5 of the Dungeon
  3863 | D:5      | Identified a scroll of acquirement
  3865 | D:5      | Acquired the +3 pair of seven-league boots {Rampage+∞}
  3865 | D:5      | Found the +3 pair of seven-league boots {Rampage+∞}
  4011 | D:5      | Reached XP level 8. HP: 47/70 MP: 7/7
  4165 | D:5      | Found a staircase to the Ecumenical Temple.
  4189 | D:5      | Found a shimmering blue altar of Sif Muna.
  4390 | D:5      | Found Yco Raiss's Antique Armour Shoppe.
  4804 | D:6      | Found a broken altar of Ashenzari.
  4975 | D:6      | Found a glowing silver altar of Zin.
  5143 | D:6      | Reached XP level 9. HP: 75/78 MP: 8/8
  5309 | Temple   | Entered the Ecumenical Temple
  5378 | Temple   | Became a worshipper of Gozag Ym Sagoz the Greedy
  5828 | D:7      | Noticed Menkaure
  5836 | D:7      | Killed Menkaure
  6333 | D:7      | Found a runed translucent door.
  6334 | D:7      | Noticed Crazy Yiuf
  6338 | D:7      | Killed Crazy Yiuf
  6642 | D:7      | Reached skill level 10 in Armour
  6718 | D:8      | Noticed an efreet
  6730 | D:8      | Noticed voshxx's ghost (novice TrFi)
  6830 | D:8      | Found an ancient bone altar of Kikubaaqudgha.
  6894 | D:8      | Reached skill level 10 in Axes
  7215 | D:8      | Noticed Maurice
  7244 | D:8      | Killed Maurice
  7245 | D:8      | Reached XP level 10. HP: 88/88 MP: 9/9
  7269 | D:8      | Found a runed translucent gate.
  7269 | D:8      | Found a runed translucent gate.
  7272 | D:8      | Found a runed translucent gate.
  7637 | D:1      | Bought a scroll labelled ORURICO WULESM for 23 gold pieces
  7637 | D:1      | Bought a scroll labelled WIGEMU QUTWINA for 23 gold pieces
  7641 | D:1      | Bought a scroll of enchant armour for 172 gold pieces
  7796 | D:9      | Paralysed by a hornet for 2 turns
  7800 | D:8      | HP: 2/88 [hornet (11)]
  7800 | D:8      | Mangled by a yak

Illustrated notes

Levels and vault maps discovered:
D:1:      spicycebolla_green_bress_n_ham_2, layout_basic, serial_shops, shop,
          nicolae_diamond_shop, st_stairs_6, minivault_24
D:2:      layout_loops_corners, shapermc_ecumenical_altar_gd, basic_altar,
          minmay_pentomino_pile
D:3:      layout_rooms, grunt_qazlal_clouds, portal_sewer_entry_d,
          kennysheep_decorative_pillar
D:4:      cheibrodos_greedy_goblins, layout_basic, slow_altar_1, uniq_ijyb
D:5:      layout_rooms, lemuel_round_altar, minmay_temple_entry_from_below_b,
          serial_shops, nicolae_diamond_shop
D:6:      layout_gridville, amcnicky_altar_gilded, mainiacjoe_overflow_alcove_2
D:7:      layout_cave_pods, uniq_menkaure, uniq_crazy_yiuf_cottage
D:8:      layout_loops_cross, nicolae_kikubaaqudgha_miasma_corner,
          gammafunk_ghost_split, uniq_maurice
D:9:      layout_basic, nemelex_altar_shiori, erik_lair_orcish_takeover,
          uniq_grum, uniq_psyche
Temple:   nicolae_temple_great_sept

Skill      XL: |  1  2  3  4  5  6  7  8  9 10 |
---------------+-------------------------------+-----
Armour         | 4 5 6 7 9 10 | 10.8
Axes           | 3 4 5 6 8 10 | 10.5
Shields        | 4 5 6 7 8 |  8.0
Fighting       | 4 5 6 7 8 |  8.0

Action                   |  1- 3 |  4- 6 |  7- 9 | 10-12 || total
-------------------------+-------+-------+-------+-------++-------
Melee: War axe           |    97 |   112 |   305 |     7 ||   521
       Headbutt          |    10 |    15 |    47 |     1 ||    73
  Use: Potion            |       |     1 |     9 |     1 ||    11
       Scroll            |       |       |    18 |     4 ||    22
Armor: Scale mail        |    46 |    75 |       |       ||   121
       Plate armour      |       |       |   226 |    11 ||   237
Dodge: Dodged            |    65 |    87 |    89 |     6 ||   247
Block: Buckler           |    34 |    43 |    76 |     5 ||   158

Table legend: (Time is in decaauts)
 A = Elapsed time spent in this place.
 B = Non-inter-level travel time spent in this place.
 C = Inter-level travel time spent in this place.
 D = Time resting spent in this place.
 E = Time spent auto-exploring this place.
 F = Levels seen in this place.
 G = Mean time per level.
                   A        B        C        D        E       F      G
               +--------+--------+--------+--------+--------+-----+--------+
         Total |   8073 |   7503 |    570 |     41 |   5577 |  11 |  733.9 |
       Dungeon |   7335 |   6777 |    558 |     41 |   5238 |   9 |  815.0 |
        Temple |     90 |     78 |     12 |      0 |     54 |   1 |   90.0 |
         Sewer |    647 |    647 |      0 |      0 |    285 |   1 |  647.0 |
               +--------+--------+--------+--------+--------+-----+--------+

Top non-repeatable levels by time:
     D:4: 1098 daAuts
     D:7: 1070 daAuts
     D:2: 1022 daAuts
     D:8: 902 daAuts
     D:1: 832 daAuts
     D:3: 808 daAuts
     D:6: 802 daAuts
     D:5: 789 daAuts
   Sewer: 647 daAuts
  Temple: 90 daAuts
     D:9: 8 daAuts
